 Dungeon Crawl Stone Soup version 0.31-a0-188-g5e087ee2ca (webtiles) character file.

Game seed: 17356696400126162376

79 qw the Shooter (level 4, -4/25 HPs)
             Began as a Deep Elf Hunter on June 23, 2023.
             Killed by divine providence
             ... invoked by an orc priest
              (11 damage)
             ... on level 3 of the Dungeon.
             The game lasted 00:00:45 (1827 turns).

qw the Shooter (Deep Elf Hunter)                    Turns: 1827, Time: 00:00:46

Health: -4/25      AC:  5    Str: 10    XL:     4   Next: 17%
Magic:  6/6        EV: 11    Int: 14    God:
Gold:   92         SH:  0    Dex: 18    Spells: 3/3 levels left

rFire   . . .        Y - +0 shortbow
rCold   . . .        (shield currently unavailable)
rNeg    . . .        i - +0 ring mail
rPois   .            (no helmet)
rElec   .            (no cloak)
rCorr   .            (no gloves)
SInv    .            (no boots)
Will    .....        (no amulet)
Stlth   +            (no ring)
HPRegen 0.24/turn    (no ring)
MPRegen 0.10/turn

%: no passive effects
@: no status effects
A: no striking features
a: no special abilities


You were on level 3 of the Dungeon.
You visited 1 branch of the dungeon, and saw 3 of its levels.

You collected 92 gold pieces.


   Skills:
 - Level 1.5 Fighting
 + Level 7.6 Ranged Weapons
 - Level 2.4 Dodging
 - Level 1.2 Stealth


You had 3 spell levels left.
You didn't know any spells.
Your spell library was empty.

Inventory:

Hand Weapons
 Y - a +0 shortbow (weapon)
Armour
 i - a +0 ring mail (worn)
Scrolls
 e - a scroll of teleportation
Potions
 c - a potion of heal wounds {unknown}
 g - a potion of magic {unknown}
 h - a potion of curing {unknown}
 j - a potion of might {unknown}
 m - a potion of enlightenment {unknown}

Dungeon Overview and Level Annotations

Branches:
Dungeon (3/15)

Altars:

Shops:
D:2 :


Message History

The orc priest shouts!
The orc shouts!
The arrow hits the orc.
You kill the orc!
The orc priest looks satisfied for a moment.
An orc comes into view. It is wielding a +0 club.
An orc priest comes into view.
It is wielding a +0 flail of holy wrath.
You shoot an arrow.
The arrow hits the orc priest but does no damage.
The orc priest invokes the aid of Beogh against you.
Beogh smites you!
An endoplasm comes into view.
The orc priest miscasts a cantrip.
1789 ||| FLEEEEING.
There is a stone staircase leading up here.
1790 ||| STAIRDANCE You climb upwards.
There is a stone staircase leading down here.
You start resting.
HP restored.
Done exploring.
(D) Dungeon
Where to? (* - list waypoints, Enter - D:3, ? - help)
What level of the Dungeon? (default 1, ? - help)
You climb downwards.
The ball python barely misses you. The ball python grabs you.
The ball python constricts you. The orc barely misses you.
The endoplasm hits you but does no damage.
The ball python bites you. The ball python constricts you.
The orc hits you but does no damage. The endoplasm barely misses you.
The orc priest mumbles some strange prayers to Beogh against you.
Beogh smites you!
Ouch! That really hurt!
There is a stone staircase leading up here.
You shoot an arrow. The arrow hits the ball python.
You kill the ball python!
The endoplasm freezes you.
You are frozen.
The orc priest invokes the aid of Beogh against you.
Beogh smites you!
You die...

.......
#........
#........
##........
......... #
.........
##.#.###....J...
......J@o..oo...
.#.#....o)).....
#.......?....
#............
#.......###..
#......<. .
#...%.....
........#..
..####...###.


You could see 2 orc priests, 2 orcs and 2 endoplasms.

Vanquished Creatures
  A gnoll (D:1)
  2 adders
  An orc (D:3)
  4 bats
  6 endoplasms
  3 giant cockroaches
  3 goblins
  4 hobgoblins
  4 quokkas (D:2)
  8 ball pythons
  5 frilled lizards
  5 kobolds
  2 rats (D:1)
48 creatures vanquished.

Notes
Turn   | Place    | Note
-------+----------+-------------------------------------------
     0 | D:1      | qw the Deep Elf Hunter began the quest for the Orb.
     0 | D:1      | Reached XP level 1. HP: 12/12 MP: 3/3
     0 | D:1      | 0 ||| qw: Version: 0.3-a-9-g12657ce
     0 | D:1      | 0 ||| qw: Game counter: 3967
     0 | D:1      | 0 ||| qw: Always use a shield: true
     0 | D:1      | 0 ||| qw: God list: Okawaru
     0 | D:1      | 0 ||| qw: Allow faded altars: false
     0 | D:1      | 0 ||| qw: Do Orc after D:15 true
     0 | D:1      | 0 ||| qw: Do second Lair branch before Depths: true
     0 | D:1      | 0 ||| qw: Lair rune preference: random
     0 | D:1      | 0 ||| qw: Plans: Normal
     0 | D:1      | 0 ||| PLANNING D:1-11
    87 | D:1      | Reached skill level 6 in Ranged Weapons
    87 | D:1      | Reached XP level 2. HP: 11/16 MP: 4/4
   469 | D:1      | Reached XP level 3. HP: 20/20 MP: 5/5
   730 | D:1      | 730 ||| UPGRADING to +0 scale mail.
   740 | D:1      | 740 ||| DROPPING +0 leather armour.
   741 | D:1      | 741 ||| UPGRADING to +0 ring mail.
   751 | D:1      | 751 ||| DROPPING +0 scale mail.
   752 | D:1      | 752 ||| READING scroll labelled FULA KINNAEKLA.
   753 | D:1      | 753 ||| READING 2 scrolls labelled QYFEDA HEUXAD.
   758 | D:1      | 758 ||| READING scroll labelled KAAQI LADOE.
   759 | D:1      | 759 ||| READING scroll labelled VOIREZ SYALUCA.
   760 | D:1      | 760 ||| DRINKING 2 coppery potions.
   789 | D:1      | 789 ||| DRINKING 3 sapphire potions.
   894 | D:1      | 894 ||| DROPPING scroll of butterflies.
   895 | D:1      | 895 ||| DROPPING potion of lignification.
   896 | D:1      | 896 ||| DROPPING 2 potions of berserk rage.
   922 | D:2      | 922 ||| STAIRDANCE
   927 | D:1      | Reached skill level 7 in Ranged Weapons
  1078 | D:2      | Found Qoodgh's Book Shoppe.
  1480 | D:2      | Reached XP level 4. HP: 25/25 MP: 6/6
  1589 | D:2      | 1589 ||| READING scroll labelled FINERUR JERULU.
  1690 | D:2      | 1690 ||| READING scroll labelled ZUUVYA CUGRU.
  1691 | D:2      | 1691 ||| READING scroll labelled POL GAKELUNKU.
  1692 | D:2      | 1692 ||| READING scroll labelled COOS URIYZOWIGGA.
  1694 | D:2      | 1694 ||| Stepping ~*~*~tactically~*~*~ (cloud).
  1789 | D:3      | 1789 ||| FLEEEEING.
  1790 | D:3      | 1790 ||| STAIRDANCE
  1827 | D:3      | Killed from afar by an orc priest

Levels and vault maps discovered:
D:1:      minmay_arrival_semitransparent, layout_basic
D:2:      layout_basic, serial_shops, nicolae_book_shop_shelving,
          corexii_corridor_pit
D:3:      layout_rooms, nicolae_overflow_hidden_temple, uniq_natasha

Skill      XL: |  1  2  3 |
---------------+----------+-----
Ranged Weapons | 6 7 |  7.6
Fighting       | |  1.5
Dodging        | |  2.4
Stealth        | |  1.2

Action                     |  1- 3 |  4- 6 || total
---------------------------+-------+-------++-------
   Fire: Shortbow          |   117 |    16 ||   133
    Use: Scroll            |     4 |     4 ||     8
         Potion            |     2 |       ||     2
 Armour: Ring mail         |    11 |     2 ||    13
         Leather armour    |     3 |       ||     3
  Dodge: Dodged            |    33 |     4 ||    37

Table legend:
 A = Non-vault XP
 B = Vault XP
 C = Vault XP percentage of total XP
 D = Non-vault monster count
 E = Vault monster count
 F = Vault count percentage of total count
                 A         B        C        D         E       F
            +---------+---------+-------+---------+---------+-------
      Total |     116 |       0 |   0.0 |      48 |       0 |   0.0
            +---------+---------+-------+---------+---------+-------
        D:1 |      63 |       0 |   0.0 |      25 |       0 |   0.0
        D:2 |      40 |       0 |   0.0 |      17 |       0 |   0.0
        D:3 |      13 |       0 |   0.0 |       6 |       0 |   0.0
            +---------+---------+-------+---------+---------+-------
